 Dungeon Sprint DCSS version 0.21-a0-401-g0b6bec4 (webtiles) character file.

814 Kidiri the Nimble (level 7, -6/58 HPs)
             Began as a Demonspawn Gladiator on Oct 26, 2017.
             Was an Elder of Wu Jian.
             Mangled by a red devil
             ... wielding a +0 trident
              (22 damage)
             ... in the Dungeon (Sprint VII: "The Pits").
             The game lasted 00:06:13 (1178 turns).

Kidiri the Nimble (Demonspawn Gladiator)            Turns: 1178, Time: 00:06:15

Health: -6/58      AC:  4    Str: 15    XL:     7   Next: 62%
Magic:  7/7        EV: 17    Int: 10    God:    Wu Jian [****..]
Gold:   0          SH:  4    Dex: 15    Spells: 6/6 levels left

rFire    . . .     SeeInvis .   a - +2 falchion
rCold    + . .     Gourm    .   (no shield)
rNeg     . . .     Faith    .   b - +0 leather armour
rPois    .         Spirit   .   c - +0 helmet
rElec    .         Reflect  .   (no cloak)
rCorr    .         Harm     .   (no gloves)
MR       .....     NoTele   +   (no boots)
Stlth    +++.......             (no amulet)
HPRegen  0.19/turn              (no ring)
MPRegen  0.10/turn              (no ring)

@: exhausted
A: large bone plates 1, cold resistance 1, freezing cloud immunity
a: Serpent's Lash, Renounce Religion


You were in the Dungeon.
You worshipped Wu Jian.
Wu Jian was greatly pleased with you.
You were not hungry.

You visited 1 branch

Inventory:

Hand Weapons
 a - a +2 falchion (weapon)
Armour
 b - a +0 leather armour (worn)
 c - a +0 helmet (worn)
Scrolls
 k - a scroll of blinking
 m - 3 scrolls of remove curse
 n - 5 scrolls of amnesia
 o - a scroll of summoning
Potions
 h - a potion of haste
 i - 4 potions of magic
 l - 2 potions of invisibility
 r - 5 potions of curing
Comestibles
 d - 3 chunks of flesh
 f - 8 bread rations
 p - 40 fruits
 q - 7 meat rations


   Skills:
 + Level 6.2 Fighting
 * Level 8.2 Long Blades
 + Level 5.6 Throwing
 + Level 5.2 Armour
 * Level 8.4 Dodging
 + Level 5.7 Stealth


You had 6 spell levels left.
You didn't know any spells.

Dungeon Overview and Level Annotations

Branches:
Dungeon (1/1)

Altars:
Ashenzari
Cheibriados
Dithmenos
Elyvilon
Fedhas
Gozag
Hepliaklqana
Kikubaaqudgha
Makhleb
Nemelex Xobeh
Okawaru
Qazlal
Ru
Sif Muna
Trog
Uskayaw
Vehumet
Wu Jian
Xom
Yredelemnul
Zin
The Shining One
Beogh
Jiyva
Lugonu

Annotations:
D exclusions: 6 doors and 6 more exclusions


Innate Abilities, Weirdness & Mutations

You are partially covered in large bone plates. (SH +4)
Your flesh is cold resistant. (rC+)
You are immune to freezing clouds.


Message History

Deactivating autopickup; reactivate with Ctrl-A.
The orc wizard gestures wildly while chanting.
The orc wizard flickers and vanishes!
The red devil barely misses you.
Unknown command.
You miss something. Something hits you.
Unknown command.
You barely miss something.
The red devil hits you from afar with a trident!
You block something's attack.
Unknown command.
You closely miss something. Something hits you but does no damage.
The red devil completely misses you. Something hits you but does no damage.
Unknown command.
You hit something.
You hear some strange, mumbled words.
A puff of frost appears from out of thin air!
The puff of frost hits you! You resist.
* * * LOW HITPOINT WARNING * * *
The red devil hits you from afar with a trident!!
You die...

#.#))#####+#####+#####++##
#.#))#.....##.......#
#.#))#.....##.......#
#.#[[###+####.......#
#รท##+#..)..##...<...#
#.#........##.......#
#.#........##.......#
#'###########.......#
#.......#@.##########
#...#...#{## ###
#...#...#4# ...#
#.##.##.#{#....#
#...#...#o'....+
#...#...#+#....#
#.......+.#....#
########### ####


You could see a red devil and an orc.

Vanquished Creatures
  A fire bat (D)
  A warg (D)
  Edmund (D)
  A black bear (D)
  A phantom (D)
  A bullfrog (D)
  A gnoll shaman (D)
  2 orc priests (D)
  2 worker ants (D)
  A hell rat (D)
  3 adders (D)
  A gnoll (D)
  An ufetubus (D)
  An ooze (D)
  An orc (D)
  A ball python (D)
  2 giant cockroaches (D)
  2 jackals (D)
  A rat (D)
25 creatures vanquished.

Notes
Turn   | Place    | Note
-------+----------+-------------------------------------------
     0 | D        | Kidiri the Demonspawn Gladiator began the quest for the Orb.
     0 | D        | Reached XP level 1. HP: 16/16 MP: 1/1
    63 | D        | Found a bloodstained altar of Trog.
    63 | D        | Found a deep blue altar of Sif Muna.
    63 | D        | Found a viscous altar of Jiyva.
    63 | D        | Found a hazy altar of Hepliaklqana.
    63 | D        | Found an opulent altar of Gozag.
    64 | D        | Found a glowing golden altar of the Shining One.
    64 | D        | Found a glowing silver altar of Zin.
    64 | D        | Found a basalt altar of Yredelemnul.
    64 | D        | Found a shimmering altar of Xom.
    64 | D        | Found an ornate altar of the Wu Jian Council.
    64 | D        | Found a sacrificial altar of Ru.
    64 | D        | Found a stormy altar of Qazlal.
    64 | D        | Found an iron altar of Okawaru.
    64 | D        | Found a sparkling altar of Nemelex Xobeh.
    64 | D        | Found a burning altar of Makhleb.
    64 | D        | Found a blossoming altar of Fedhas.
    64 | D        | Found a white marble altar of Elyvilon.
    64 | D        | Found a shadowy altar of Dithmenos.
    64 | D        | Found a snail-covered altar of Cheibriados.
    66 | D        | Found a radiant altar of Vehumet.
    66 | D        | Found a corrupted altar of Lugonu.
    66 | D        | Found a roughly hewn altar of Beogh.
    67 | D        | Found a hide-covered altar of Uskayaw.
    67 | D        | Found an ancient bone altar of Kikubaaqudgha.
    67 | D        | Found a shattered altar of Ashenzari.
    73 | D        | Became a worshipper of the Wu Jian Council
    89 | D        | Noticed a worker ant
   110 | D        | Killed a worker ant
   110 | D        | Reached skill level 1 in Armour
   110 | D        | Reached skill level 1 in Stealth
   110 | D        | Gained mutation: You are partially covered in large bone plates. (SH +4) [demonic ancestry]
   110 | D        | Reached XP level 2. HP: 19/23 MP: 2/2
   122 | D        | Reached XP level 3. HP: 29/29 MP: 3/3
   313 | D        | Reached * piety under Wu Jian
   448 | D        | Noticed a bullfrog
   451 | D        | Reached ** piety under Wu Jian
   454 | D        | Reached XP level 4. HP: 30/35 MP: 4/4
   460 | D        | Killed a bullfrog
   460 | D        | Reached skill level 5 in Long Blades
   460 | D        | Reached skill level 5 in Dodging
   577 | D        | Noticed a black bear
   578 | D        | Noticed a warg
   578 | D        | Noticed a phantom
   595 | D        | Killed a warg
   595 | D        | Reached *** piety under Wu Jian
   595 | D        | Reached XP level 5. HP: 43/43 MP: 5/5
   601 | D        | Killed a black bear
   601 | D        | Reached skill level 5 in Fighting
   601 | D        | Gained mutation: Your flesh is cold resistant. (rC+) [demonic ancestry]
   601 | D        | Reached XP level 6. HP: 48/51 MP: 6/6
   625 | D        | Reached **** piety under Wu Jian
   950 | D        | Noticed Edmund
   959 | D        | Reached skill level 5 in Throwing
   961 | D        | Reached skill level 5 in Stealth
   977 | D        | Killed Edmund
   977 | D        | Gained mutation: You are immune to freezing clouds. [demonic ancestry]
   977 | D        | Reached XP level 7. HP: 38/57 MP: 7/7
  1137 | D        | Noticed a fire bat
  1137 | D        | Noticed a red devil
  1152 | D        | Killed a fire bat
  1152 | D        | Reached skill level 5 in Armour
  1178 | D        | Mangled by a red devil

Vault maps used:
D:        pitsprint

Skill      XL: |  1  2  3  4  5  6  7 |
---------------+----------------------+-----
Long Blades    | 3 4 6 7 8 |  8.2
Throwing       | 2 3 4 5 |  5.6
Armour         | 1 2 3 4 5 |  5.2
Dodging        | 3 4 6 7 8 |  8.4
Stealth        | 1 2 3 4 5 |  5.7
Fighting       | 3 4 5 6 |  6.2

Action                   |  1- 3 |  4- 6 |  7- 9 || total
-------------------------+-------+-------+-------++-------
Melee: Falchion          |    22 |    66 |    36 ||   124
       Long sword        |     1 |       |       ||     1
Throw: Throwing net      |     5 |     2 |       ||     7
Invok: Serpent's Lash    |       |     2 |     2 ||     4
  Use: Potion            |     3 |     4 |     3 ||    10
 Stab: Sleeping          |     1 |     2 |       ||     3
  Eat: Chunk             |       |       |     1 ||     1
Armor: Leather armour    |    10 |    12 |     8 ||    30
Dodge: Dodged            |    27 |    24 |    22 ||    73
Block: Other             |     5 |     4 |     6 ||    15
       Rpst.: Falchion   |     4 |     7 |     3 ||    14

Table legend:
 A = Spawn XP
 B = Non-spawn XP
 C = Spawn XP percentage of total XP
 D = Spawn monster count
 E = Non-spawn monster count
 F = Spawn count percentage of total count
 G = Total turns spent on level
                    A         B        C        D         E        F      G
               +---------+---------+-------+---------+---------+-------+---------
         Total |       0 |    1163 |   0.0 |       0 |      25 |   0.0 |  1178
               +---------+---------+-------+---------+---------+-------+---------
             D |       0 |    1163 |   0.0 |       0 |      25 |   0.0 |  1178
               +---------+---------+-------+---------+---------+-------+---------
